 Dungeon Crawl Stone Soup version 0.31-a0-854-g362426d53f (webtiles) character file.

Game seed: 1945849955316422618

2071 Getoffmy the Gusty (level 9, -1/62 HPs)
             Began as a Red Draconian Air Elementalist on Oct 9, 2023.
             Was an Initiate of Vehumet.
             Slain by a gnoll
             ... wielding a +0 spear
             ... led by a gnoll bouda
              (7 damage)
             ... on level 7 of the Dungeon.
             The game lasted 00:34:09 (8104 turns).

Getoffmy the Gusty (Red Draconian Air Elementalist) Turns: 8104, Time: 00:34:09

Health: -1/62      AC:  9    Str: 11    XL:     9   Next: 5%
Magic:  14/17      EV: 12    Int: 20    God:    Vehumet [......]
Gold:   91         SH:  5    Dex: 11    Spells: 5/19 levels left

rFire   + . .        m - +0 dagger (venom)
rCold   . . .        f - orb {mayhem}
rNeg    . . .        (body armour unavailable)
rPois   .            (helmet restricted)
rElec   .            (no cloak)
rCorr   .            (no gloves)
SInv    +            s - +1 pair of boots
Will    .....        u - amulet "Vibb" {Reflect SH+5 SInv Stlth+}
Stlth   +++          w - ring of wizardry
HPRegen 0.30/turn    (no ring)
MPRegen 0.15/turn

%: mayhem, reflection, wizardry (x1)
@: no status effects
A: breathe fire, AC +7, unfitting armour, fire resistance 1, cold-blooded
a: Breathe Fire, Renounce Religion


You were on level 7 of the Dungeon.
You worshipped Vehumet.
Vehumet was noncommittal.
You visited 2 branches of the dungeon, and saw 8 of its levels.

You collected 404 gold pieces.
You spent 313 gold pieces at shops.

Inventory:

Hand Weapons
 b - a +4 trident of draining
 k - a +0 dagger of electrocution
 m - a +0 dagger of venom (weapon)
 y - a +1 lajatang
Missiles
 h - 57 stones
 l - 10 poisoned darts
 q - a curare-tipped dart
Armour
 f - an orb of mayhem (worn)
 s - a +1 pair of boots (worn)
Jewellery
 u - the amulet "Vibb" (around neck) {Reflect SH+5 SInv Stlth+}
   (You found it on level 7 of the Dungeon)

   [amulet of reflection]

   Reflect:   It reflects blocked missile attacks.
   SInv:      It lets you see invisible.
   SH+5:      It affects your SH (+5).
   Stlth+:    It makes you more stealthy.
 w - a ring of wizardry (left hand)
Wands
 x - a wand of roots (11)
Scrolls
 c - 2 scrolls of enchant weapon
 d - 4 scrolls of fear
 e - 4 scrolls of blinking
 g - a scroll of vulnerability
 i - 6 scrolls of teleportation
 p - 3 scrolls of revelation
 r - 2 scrolls of identify
 v - 2 scrolls of immolation
 A - a scroll of noise
Potions
 j - 3 potions of mutation
 n - a potion of invisibility
 o - a potion of haste
 t - a potion of lignification
 B - a potion of curing


   Skills:
 - Level 1.7 Dodging
 - Level 1.7 Stealth
 + Level 5.7 Spellcasting
 + Level 5.9 Conjurations
 - Level 4.0 Summonings
 * Level 7.9 Air Magic


You had 5 spell levels left.
You knew the following spells:

 Your Spells              Type           Power      Damage    Failure   Level
a - Shock                 Conj/Air       100%       1d9       1%          1
b - Static Discharge      Conj/Air       66%        2-5/arc   1%          2
c - Airstrike             Air            18%        2d(3-19)  1%          4
d - Summon Lightning Spi  Summ/Air       29%        N/A       4%          4
e - Swiftness             Air            37%        N/A       1%          3

Your spell library contained the following spells:

 Spells                   Type           Power      Damage    Failure   Level
 Dazzling Flash           Conj/Hex       34%        N/A       4%          3
 Silence                  Hex/Air        10%        N/A       24%         5
 Agony                    Necr           5%         N/A       71%         5


Dungeon Overview and Level Annotations

Branches:
Dungeon (7/15)             Temple (1/1) D:5

Altars:
Ashenzari
Cheibriados
Dithmenos
Elyvilon
Fedhas
Gozag
Hepliaklqana
Kikubaaqudgha
Makhleb
Nemelex Xobeh
Okawaru
Qazlal
Trog
Uskayaw
Vehumet
Wu Jian
Xom
Yredelemnul
Zin
The Shining One

Shops:
D:1 (!?   D:2 [


Innate Abilities, Weirdness & Mutations

You can breathe blasts of fire.
Your fiery red scales are hard. (AC +7)
You cannot fit into any form of body armour.
Your flesh is heat resistant. (rF+)
You are cold-blooded and may be slowed by cold attacks.


Message History

The sky beast flickers out of sight for a moment.
The sky beast closely misses you.
The gnoll bouda calls upon its god to heal the gnoll.
The gnoll's wounds heal themselves!
Casting: Shock (safe; 1% risk of failure)
Confirm with . or Enter, or press ? or * to list all spells.
An electric hum fills the air.
The gnoll hits you with a +0 whip.
* * * LOW HITPOINT WARNING * * *
The gnoll closely misses you. The sky beast barely misses you.
The gnoll bouda hits you with a +0 whip.
* * * LOW HITPOINT WARNING * * *
The gnoll is no longer moving quickly.
The sky beast barely misses your lightning spire.
The gnoll bouda barks out a call to the hunt!
The gnoll picks up the pace!
You see here a +0 robe.
You hit the gnoll.
You kill the gnoll!
Vehumet accepts your kill.
The sky beast hits your lightning spire but does no damage.
The gnoll bouda hits your lightning spire with a +0 whip.
Your lightning spire shoots out a bolt of lightning at the gnoll bouda!
The bolt of electricity hits the gnoll bouda!
The gnoll bouda dies!
Vehumet accepts your kill. The gnoll closely misses you.
The gnoll hits you but does no damage.
You hit the sky beast.
The sky beast is poisoned.
The sky beast is lightly wounded.
The sky beast hits you.
* * * LOW HITPOINT WARNING * * *
The sky beast shocks you.
* * * LOW HITPOINT WARNING * * *
The gnoll barely misses you.
The gnoll is no longer moving quickly.
The sky beast misses you. The gnoll closely misses you.
You see here a +0 robe.
The sky beast hits your lightning spire but does no damage.
The gnoll hits you with a +0 spear!
You die...

.........................#####.##
.................................
.........................#####.##
........................# #...
........................#####..#
...............................#
.......).Y..........###'##
.......))8[.......#.#....#
......).g@........#.#....#
..................#......#
..................##.....#
.........................#
..................##......
..................###.#'##
#.####.####..........>.... #+
#.......#####..... .........#
#.....


You could see a sky beast (invisible, very poisoned), a gnoll and a friendly
lightning spire (summoned).

Vanquished Creatures
  Jeremiah (D:6)
  A water moccasin (D:4)
  2 black bears (D:6)
  2 ice beasts
  An ogre (D:6)
  A kobold brigand (D:7)
  3 bullfrogs
  4 scorpions (D:6)
  2 hounds (D:5)
  An orc priest (D:3)
  A gnoll bouda (D:6)
  A jelly (D:6)
  Terence (D:3)
  4 iguanas
  3 orc wizards
  Robin (D:3)
  6 gnolls
  5 adders
  2 shadow imps
  A white imp (D:6)
  An ufetubus (D:4)
  A worm (D:5)
  3 dart slugs
  11 orcs
  3 bats
  10 endoplasms
  3 giant cockroaches
  14 goblins
  11 hobgoblins
  8 jackals
  8 quokkas
  5 ball pythons
  4 frilled lizards
  8 kobolds
  9 rats
142 creatures vanquished.

Vanquished Creatures (collateral kills)
  A scorpion (D:7)
  A gnoll bouda (D:7)
  An iguana (D:7)
  A gnoll (D:6)
  A shadow imp (D:6)
  An orc (D:6)
  A kobold (D:7)
7 creatures vanquished.

Grand Total: 149 creatures vanquished

Notes
Turn   | Place    | Note
-------+----------+-------------------------------------------
     0 | D:1      | Getoffmy the Draconian Air Elementalist began the quest for
                  | the Orb.
     0 | D:1      | Reached XP level 1. HP: 14/14 MP: 3/3
    63 | D:1      | Found Niqolum's Magic Scroll Shop.
   133 | D:1      | Found Riemmarol's Distillery.
   232 | D:1      | Bought a potion of degeneration for 11 gold pieces
   238 | D:1      | Found a faded altar of an unknown god.
   322 | D:1      | Found Geshithri's Weapon Shop.
   351 | D:1      | Reached XP level 2. HP: 20/20 MP: 3/5
  1551 | D:2      | Reached XP level 3. HP: 25/26 MP: 1/6
  1689 | D:2      | Found Farphiag's Antique Armour Emporium.
  2042 | D:2      | Found a shimmering altar of Xom.
  2207 | D:1      | Bought a scroll of identify for 26 gold pieces
  2207 | D:1      | Bought a scroll of teleportation for 39 gold pieces
  2280 | D:2      | Reached skill level 4 in Air Magic
  2280 | D:2      | Reached XP level 4. HP: 33/33 MP: 2/7
  2330 | D:2      | Learned a level 2 spell: Static Discharge
  2378 | D:3      | Noticed Terence
  2782 | D:3      | Noticed Robin
  2796 | D:3      | Killed Robin
  2797 | D:3      | Reached XP level 5. HP: 38/38 MP: 4/9
  2927 | D:3      | Killed Terence
  3209 | D:3      | Found a white marble altar of Elyvilon.
  3512 | D:3      | Reached skill level 5 in Air Magic
  3686 | D:4      | Noticed a water moccasin
  3697 | D:4      | Killed a water moccasin
  3698 | D:4      | Reached XP level 6. HP: 41/45 MP: 2/11
  3771 | D:4      | Noticed an ice beast
  3785 | D:4      | Killed an ice beast
  4104 | D:4      | Found a glowing silver altar of Zin.
  4104 | D:4      | Noticed an angel
  4182 | D:4      | You fall into a shaft and drop 3 floors!
  4195 | D:7      | Learned a level 4 spell: Airstrike
  4200 | D:7      | Learned a level 4 spell: Summon Lightning Spire
  4302 | D:7      | Identified the amulet "Vibb" {Reflect SH+5 SInv Stlth+}
  4329 | D:7      | Identified the +0 robe of Foimaogral {*Corrode rPois rF+
                  | Dex+2}
  4348 | D:7      | Reached skill level 6 in Air Magic
  4348 | D:7      | Your scales start taking on a fiery red colour.
  4348 | D:7      | Reached XP level 7. HP: 48/50 MP: 3/12
  4348 | D:7      | Gained mutation: Your flesh is heat resistant. (rF+) [Red
                  | Draconian growth]
  4607 | D:6      | Noticed Jeremiah
  4609 | D:5      | Entered Level 5 of the Dungeon
  4611 | D:5      | Found a shimmering altar of Xom.
  4722 | D:5      | Learned a level 3 spell: Swiftness
  4896 | D:5      | Identified the +3 leather armour of the Furrier {rN+ Str-4
                  | Slay+2}
  4964 | D:5      | Found a burning altar of Makhleb.
  5727 | D:1      | Bought a scroll of fear for 52 gold pieces
  5727 | D:1      | Bought a scroll of blinking for 97 gold pieces
  5763 | D:1      | Bought a potion of mutation for 88 gold pieces
  6283 | D:5      | Found a staircase to the Ecumenical Temple.
  6385 | Temple   | Entered the Ecumenical Temple
  6402 | Temple   | Became a worshipper of Vehumet
  6554 | D:6      | Killed Jeremiah
  6555 | D:6      | Reached skill level 7 in Air Magic
  6699 | D:6      | Reached XP level 8. HP: 57/57 MP: 9/15
  6824 | D:6      | Found a broken altar of Ashenzari.
  6852 | D:6      | Reached skill level 1 in Summonings
  6966 | D:6      | Found an ornate altar of the Wu Jian Council.
  7006 | D:6      | Reached skill level 5 in Spellcasting
  7006 | D:6      | Reached skill level 5 in Conjurations
  7709 | D:6      | Found a basalt altar of Yredelemnul.
  7711 | D:6      | Noticed a profane servitor
  7720 | D:6      | Found a glowing golden altar of the Shining One.
  7722 | D:6      | Noticed an angel
  7976 | D:7      | Reached XP level 9. HP: 62/62 MP: 11/17
  8104 | D:7      | Slain by a gnoll

Illustrated notes

Levels and vault maps discovered:
D:1:      lemuel_arrival_tunnels, layout_basic, serial_shops, shop,
          nicolae_shop_just_a_little_nook, shop,
          ebering_ecumenical_altar_petrified
D:2:      layout_loops_cross, serial_shops, shop, basic_altar,
          grunt_ministairs_3
D:3:      layout_rooms, general_overflow_altar, uniq_terence, uniq_robin
D:4:      layout_cave_pools, zin_angel, minmay_crystal_water,
          nicolae_letterblocks [nicolae_letter_subblock,
          nicolae_letter_subblock, nicolae_letter_subblock,
          nicolae_letter_subblock, nicolae_letter_subblock,
          nicolae_letter_subblock, nicolae_letter_subblock,
          nicolae_letter_subblock, nicolae_letter_subblock,
          nicolae_letter_subblock, nicolae_letter_subblock,
          nicolae_letter_subblock, nicolae_letter_subblock,
          nicolae_letter_subblock, nicolae_letter_subblock,
          nicolae_letter_subblock, nicolae_letter_subblock,
          nicolae_letter_subblock, nicolae_letter_subblock,
          nicolae_letter_subblock, nicolae_letter_subblock,
          nicolae_letter_subblock, nicolae_letter_subblock,
          nicolae_letter_subblock, nicolae_letter_subblock]
D:5:      layout_rooms, mainiacjoe_overflow_concentric_impassable,
          mainiacjoe_overflow_boulevard, temple_hall, minivault_4
D:6:      layout_rooms, grunt_temple_overflow_holy_war,
          mainiacjoe_overflow_catch_the_wave, kennysheep_another_room,
          kennysheep_generic_room_12, uniq_jeremiah
D:7:      layout_basic
Temple:   nicolae_temple_ecumenical_triangle

Skill      XL: |  1  2  3  4  5  6  7  8 |
---------------+-------------------------+-----
Conjurations   | 2 3 4 5 |  5.9
Air Magic      | 4 5 6 7 |  7.9
Spellcasting   | 3 4 5 |  5.7
Summonings     | 4 |  4.0
Dodging        | |  1.7
Stealth        | |  1.7

Action                     |  1- 3 |  4- 6 |  7- 9 || total
---------------------------+-------+-------+-------++-------
  Melee: Unarmed           |    13 |       |       ||    13
         Tailslap          |     1 |     2 |     2 ||     5
         Dagger            |       |    34 |    35 ||    69
         Punch             |       |     1 |       ||     1
   Cast: Shock             |    62 |    78 |   124 ||   264
         Static Discharge  |       |    12 |    22 ||    34
         Airstrike         |       |       |     1 ||     1
         Summon Lightning  |       |       |     4 ||     4
Ability: Breathe Fire      |       |       |     1 ||     1
    Use: Scroll            |       |       |    11 ||    11
         Potion            |       |       |     3 ||     3
   Stab: Sleeping          |       |     1 |       ||     1
         Distracted        |       |       |     1 ||     1
 Armour: Skin              |    47 |    54 |    71 ||   172
  Dodge: Dodged            |    52 |    78 |    68 ||   198
  Block: Other             |       |     2 |     6 ||     8
         Reflection        |       |       |     1 ||     1
         Orb               |       |       |    15 ||    15

Table legend: (Time is in decaauts)
 A = Elapsed time spent in this place.
 B = Non-inter-level travel time spent in this place.
 C = Inter-level travel time spent in this place.
 D = Time resting spent in this place.
 E = Time spent auto-exploring this place.
 F = Levels seen in this place.
 G = Mean time per level.
                   A        B        C        D        E       F      G
               +--------+--------+--------+--------+--------+-----+--------+
         Total |   8121 |   7422 |    699 |   2605 |   3383 |   8 | 1015.1 |
       Dungeon |   8094 |   7419 |    675 |   2605 |   3383 |   7 | 1156.3 |
        Temple |     26 |      2 |     24 |      0 |      0 |   1 |   26.0 |
               +--------+--------+--------+--------+--------+-----+--------+

Top non-repeatable levels by time:
     D:2: 1519 daAuts
     D:1: 1450 daAuts
     D:6: 1328 daAuts
     D:5: 1263 daAuts
     D:4: 1039 daAuts
     D:3: 809 daAuts
     D:7: 684 daAuts
  Temple: 26 daAuts
